 Dungeon Crawl Stone Soup version 0.32-a0-986-ga09f62fbf4 (webtiles) character file.

Game seed: 5144922375217425581

1770418 TacoSundae the Ruinous (level 27, 131/164 HPs)
             Began as a Gargoyle Fire Elementalist on Apr 3, 2024.
             Was the Champion of Vehumet.
             Escaped with the Orb
             ... and 3 runes on Apr 21, 2024!
             The game lasted 08:03:55 (61140 turns).

TacoSundae the Ruinous (GrFE)                      Turns: 61140, Time: 08:03:56

Health: 131/164    AC: 37    Str: 13    XL:     27
Magic:  45/56      EV: 10    Int: 38    God:    Vehumet [******]
Gold:   6442       SH:  9    Dex: 10    Spells: 8/66 levels left

rFire   + + +        a - staff of fire
rCold   + . .        S - +2 buckler {AC+3}
rNeg    + . .        D - +2 robe {Will+}
rPois   ∞            g - +2 helmet {Int+3}
rElec   +            A - scarf {rC+ rF+}
rCorr   .            V - +2 pair of gloves {Stlth+}
SInv    .            C - +1 pair of boots
Will    +++..        t - amulet "Zerghuyst" {rF+ RegenMP+}
Stlth   +            u - ring of magical power
HPRegen 0.47/turn    O - +6 ring of intelligence
MPRegen 0.75/turn

%: clarity
@: flying, hasted, studying 2 skills, very quick
A: sickness immunity, AC +20, big wings, negative energy resistance 1,
electricity resistance, torment resistance 1, petrification resistance, hooves
1, iridescent scales 1, clarity, no potion heal 1
0: Orb of Zot
}: 3/15 runes: decaying, silver, gossamer
a: Renounce Religion


You escaped.
You worshipped Vehumet.
Vehumet was exalted by your worship.
You visited 10 branches of the dungeon, and saw 48 of its levels.
You also visited: Trove and Volcano.

You collected 8595 gold pieces.
You spent 2153 gold pieces at shops.

Inventory:

Hand Weapons
 s - the +8 quarterstaff of Anguish {heavy, rF++ rC+ Dex+3}
   (You found it in a treasure trove)

   Dex+3:     It affects your dexterity (+3).
   rF++:      It greatly protects you from fire.
   rC+:       It protects you from cold.
 w - the +7 lajatang of Order {silver, rMut}
   (You found it in a treasure trove)

   rMut:      It protects you from mutation.
Missiles
 Y - 2 throwing nets (quivered)
Armour
 g - a +2 helmet of intelligence (worn)
 A - a scarf of resistance (worn)
 C - a +1 pair of boots (worn)
 D - a +2 robe of willpower (worn)
 J - a +2 kite shield of reflection
 S - a +2 buckler of protection (worn)
 V - a +2 pair of gloves of stealth (worn)
Magical Staves
 a - a staff of fire (weapon)
 b - a staff of conjuration
Jewellery
 t - the amulet "Zerghuyst" (around neck) {rF+ RegenMP+}
   (You found it on level 13 of the Dungeon)

   [amulet of magic regeneration]

   It increases your rate of magic regeneration.
   rF+:       It protects you from fire.
   RegenMP+:  It increases your rate of magic regeneration.
 u - a ring of magical power (left hand)
 v - a ring of resist corrosion
 z - the ring "Reeg" {rC+ rN++ Will- Dex+6 Stlth+}
   (You took it off a hell knight on level 3 of the Vaults)

   [ring of dexterity]

   Dex+6:     It affects your dexterity (+6).
   rC+:       It protects you from cold.
   rN++:      It greatly protects you from negative energy.
   Will-:     It decreases your willpower.
   Stlth+:    It makes you more stealthy.
 L - the ring of Ymazol {rN+ SInv}
   (You found it on level 3 of the Vaults)

   [ring of see invisible]

   rN+:       It protects you from negative energy.
   SInv:      It lets you see invisible.
 O - a +6 ring of intelligence (right hand)
Wands
 e - a wand of light (22)
 m - a wand of polymorph (32)
 B - a wand of roots (57)
 N - a wand of mindburst (10)
 U - a wand of digging (11)
Scrolls
 c - 4 scrolls of revelation
 i - 2 scrolls of blinking
 j - 6 scrolls of fear
 n - 4 scrolls of silence
 p - 2 scrolls of torment
 q - 3 scrolls of summoning
 r - 6 scrolls of enchant armour
 y - 18 scrolls of teleportation
 E - 5 scrolls of poison
 F - 6 scrolls of amnesia
 R - 31 scrolls of identify
 T - 10 scrolls of fog
Potions
 f - 5 potions of enlightenment
 h - 18 potions of curing
 k - 4 potions of brilliance
 l - 8 potions of invisibility
 o - 5 potions of ambrosia
 x - 3 potions of might
 H - 3 potions of magic
 I - 6 potions of cancellation
 K - 4 potions of resistance
 Q - 6 potions of heal wounds
 X - 4 potions of haste
Miscellaneous
 d - a phial of floods
 G - a box of beasts
 M - a phantom mirror
 P - a lightning rod (4/4)
 W - a tin of tremorstones (2/2)


   Skills:
 - Level 14.5 Fighting
 - Level 10.0 Staves
 - Level 1.5 Dodging
 - Level 2.1 Stealth
 - Level 15.3 Shields
 + Level 20.1 Spellcasting
 + Level 26.9 Conjurations
 - Level 24.4 Fire Magic
 - Level 3.1 Ice Magic
 - Level 9.4 Air Magic
 + Level 15.7 Earth Magic
 - Level 10.0 Evocations


You had 8 spell levels left.
You knew the following spells:

 Your Spells              Type           Power      Damage    Failure   Level
a - Fire Storm            Conj/Fire      75%        8d19      1%          9
b - Scorch                Fire           100%       2d9       0%          2
c - Plasma Beam           Fire/Air       64%        2x1d80    1%          6
d - Conjure Ball Lightni  Conj/Air       54%        3x3d20    1%          6
e - Ignition              Fire           73%        3d19      1%          8
f - Starburst             Conj/Fire      75%        6d19      0%          6
g - Freezing Cloud        Conj/Ice/Air   47%        6-21      1%          5
h - Lehudib's Crystal Sp  Conj/Erth      58%        10d13     1%          8
i - Swiftness             Air            83%        N/A       1%          3
j - Fireball              Conj/Fire      75%        3d28      0%          5

Your spell library contained the following spells:

 Spells                   Type           Power      Damage    Failure   Level
 Shatter                  Erth           51%        3d39*     32%         9
 Polar Vortex             Ice            29%        12d3*     100%        9
 Foxfire                  Conj/Fire      100%       2x1d9     0%          1
 Kiss of Death            Conj/Necr      100%       2d13      0%          1
 Sandblast                Erth           100%       2d20      0%          1
 Shock                    Conj/Air       100%       1d9       0%          1
 Sting                    Conj/Alch      100%       1d9       0%          1
 Hailstorm                Conj/Ice       100%       3d16      0%          3
 Inner Flame              Hex/Fire       100%       N/A       0%          3
 Mephitic Cloud           Conj/Alch/Air  92%        N/A       0%          3
 Passwall                 Erth           100%       N/A       0%          3
 Stone Arrow              Conj/Erth      100%       3d13      0%          3
 Volatile Blastmotes      Fire/Tloc      100%       2d18      0%          3
 Brom's Barrelling Bould  Conj/Erth      100%       2d11      0%          4
 Flame Wave               Conj/Fire      100%       2d21      0%          4
 Arcjolt                  Conj/Air       54%        1d64      0%          5
 Bombard                  Conj/Erth      58%        9d10      0%          6
 Freeze                   Ice            100%       1d10      1%          1
 Necrotise                Necr           100%       1d9       1%          1
 Ensorcelled Hibernation  Hex/Ice        100%       N/A       1%          2
 Jinxbite                 Hex            76%        N/A       1%          2
 Mercury Vapours          Alch/Air       100%       N/A       1%          2
 Frozen Ramparts          Ice            100%       1d16      1%          3
 Ozocubu's Armour         Ice            58%        N/A       1%          3
 Summon Ice Beast         Ice/Summ       50%        N/A       1%          3
 Animate Armour           Summ/Erth      100%       N/A       1%          4
 Ignite Poison            Fire/Alch      100%       N/A       1%          4
 Leda's Liquefaction      Alch/Erth      39%        N/A       1%          4
 Sticky Flame             Fire/Alch      100%       2d15      1%          4
 Summon Lightning Spire   Summ/Air       65%        N/A       1%          4
 Vhi's Electric Charge    Tloc/Air       100%       N/A       1%          4
 Borgnjor's Vile Clutch   Necr/Erth      39%        N/A       1%          5
 Irradiate                Conj/Alch      48%        3d27      1%          5
 Lee's Rapid Deconstruct  Erth           51%        3d24*     1%          5
 Permafrost Eruption      Ice/Erth       41%        2x4d10    1%          6
 Spellforged Servitor     Conj/Summ      48%        N/A       1%          7
 Confusing Touch          Hex            38%        N/A       2%          3
 Fugue of the Fallen      Necr           38%        N/A       2%          3
 Sigil of Binding         Hex            38%        N/A       2%          3
 Tukima's Dance           Hex            38%        N/A       2%          3
 Vampiric Draining        Necr           38%        2d8       2%          3
 Olgreb's Toxic Radiance  Alch           38%        N/A       2%          4
 Silence                  Hex/Air        32%        N/A       3%          5
 Yara's Violent Unravell  Hex/Alch       19%        3d9       6%          5
 Anguish                  Hex/Necr       19%        N/A       9%          4
 Cause Fear               Hex            19%        N/A       9%          4
 Dispel Undead            Necr           38%        3d16      9%          4
 Martyr's Knell           Necr/Summ      38%        N/A       9%          4
 Passage of Golubria      Tloc           38%        N/A       9%          4
 Metabolic Englaciation   Hex/Ice        25%        N/A       12%         5
 Curse of Agony           Necr           38%        N/A       22%         5
 Summon Forest            Summ/Tloc      19%        N/A       22%         5
 Summon Mana Viper        Hex/Summ       38%        N/A       22%         5
 Eringya's Noxious Bog    Alch           19%        4d6       30%         6
 Sculpt Simulacrum        Ice/Alch       25%        N/A       54%         6
 Death Channel            Necr           19%        N/A       77%         6
 Dispersal                Tloc           19%        N/A       77%         6
 Gell's Gavotte           Tloc           19%        2d(19-29) 77%         6
 Enfeeble                 Hex            19%        N/A       100%        7
 Haunt                    Necr/Summ      19%        N/A       100%        7
 Manifold Assault         Tloc           19%        N/A       100%        7
 Monstrous Menagerie      Summ           19%        N/A       100%        7
 Summon Hydra             Summ           19%        N/A       100%        7
 Borgnjor's Revivificati  Necr           19%        N/A       100%        8
 Disjunction              Tloc           19%        N/A       100%        8
 Death's Door             Necr           19%        N/A       100%        9
 Dragon's Call            Summ           19%        N/A       100%        9
 Cigotuvi's Dreadful Rot  Necr/Alch/Air  Unusable   N/A       N/A         2

Dungeon Overview and Level Annotations

Branches:
Dungeon (15/15)            Temple (1/1) D:5            Lair (5/5) D:11
  Swamp (4/4) Lair:3       Spider (4/4) Lair:3        Slime (0/5) Lair:4
    Orc (2/2) D:9             Elf (3/3) Orc:2        Vaults (5/5) D:14
  Crypt (0/3) Vaults:2     Depths (4/4) D:15            Zot (5/5) Depths:4
Volcano (visited)

Altars:
Ashenzari
Cheibriados
Dithmenos
Elyvilon
Fedhas
Gozag
Hepliaklqana
Kikubaaqudgha
Makhleb
Nemelex Xobeh
Okawaru
Qazlal
Ru
Sif Muna
Trog
Uskayaw
Vehumet
Wu Jian
Xom
Yredelemnul
Zin
The Shining One
Beogh
Jiyva

Shops:
D:9 (:   Orc:2 *!(?(   Elf:2 *:   Elf:3 *   Vaults:1 (   Vaults:4 =
Depths:2 *

Portals:
Hell: Depths:1 Depths:2 Depths:3 Depths:4
Abyss: Depths:1 Depths:3
Pandemonium: Depths:2 Depths:3
Ziggurat: Depths:2

Annotations:
D:8 exclusion: 3 oklob plants
Lair:3 exclusion: oklob plant
Lair:5 2 runed translucent doors
Orc:2 2 runed translucent doors, jasper's ghost, journeyman DgBr
Elf:1 Roxanne
Elf:3 2 transporters, Lysca's ghost, adept FoCj
Depths:1 2 transporters, Qaqanta's ghost, veteran GnWn


Innate Abilities, Weirdness & Mutations

You are immune to sickness and miasma.
Your stone body is resilient. (AC +20)
You are immune to poison.
Your large and strong wings let you fly.
You resist negative energy. (rN+)
You are resistant to electric shocks. (rElec)
You are resistant to unholy torment.
You are immune to petrification.
You have large cloven feet.
You are partially covered in iridescent scales. (AC +2)
You possess an exceptional clarity of mind.
Potions are less effective at restoring your health.


Message History

This square is covered in magical glow.
The rock shatters into small pieces.
Your extra speed is starting to run out.
An angel comes into view.
It is wielding a +3 sacred scourge of holy wrath.
The angel moves out of view.
Aiming: Dig
Press: ? - help, Shift-Dir - straight line, f - you Please select a direction to dig.
This square is covered in magical glow.
The rock shatters into small pieces.
You feel as though your hastened speed will last longer.
The angel attacks as it pursues you!
The angel hits you with a +3 sacred scourge of holy wrath!
The angel hits you but does no damage. The angel attacks as it pursues you!
The angel closely misses you.
The angel hits you with a +3 sacred scourge of holy wrath!
The angel attacks as it pursues you! The angel hits you but does no damage.
The angel closely misses you. The angel attacks as it pursues you!
You block the angel's attack.
The angel hits you with a +3 sacred scourge of holy wrath.
You see here 4 stones.
There is a staircase leading out of the dungeon here.
Casting: Lehudib's Crystal Spear (mildly dangerous; 1% risk of failure)
Confirm with . or Enter, or press ? or * to list all spells.
Aiming: Lehudib's Crystal Spear (mildly dangerous; 1% risk of failure)
Press: ? - help, Shift-Dir - straight line, f - angel
Aim: an angel, wielding a +3 sacred scourge of holy wrath and wearing a +0 robe (black smoke, haloed, 61% to hit)
The crystal spear hits the angel!!!
The angel is severely wounded.
Casting: Lehudib's Crystal Spear (mildly dangerous; 1% risk of failure)
Confirm with . or Enter, or press ? or * to list all spells.
Aiming: Lehudib's Crystal Spear (mildly dangerous; 1% risk of failure)
Press: ? - help, Shift-Dir - straight line, f/p - angel
Aim: an angel, wielding a +3 sacred scourge of holy wrath and wearing a +0 robe (severely wounded, haloed, 61% to hit)
The crystal spear hits the angel!!!
You kill the angel!
Vehumet accepts your kill.
You feel your power returning.
Unknown command.
You have escaped!

######## #.......................
.....# #......................#
####.# ##.....................# #
#.# #...................... #.#
#...P..P............... #.#
#..≈≈≈≈≈≈.P..P......... #.#
#........≈≈≈§§≈.P§§P..# #.#
#.....)....§§§.≈§≈§≈≈.# #.#
#.....@....§§...§§..... #.#
#...........§§.≈≈§≈≈≈.. #.#
#........≈≈§§§≈.P..P... #.#
#..≈≈≈≈≈≈.P§.P........# #.#
#...P..P...§§§........# #.#
#.....................# #.#
##.....................#
#.#####......................#
####.#....................(......


There were no monsters in sight!

Vanquished Creatures
  Tiamat (Zot:4)
  4 dread liches (Zot:5)
  4 orbs of fire
  Mennas (Vaults:5)
  4 ancient liches
  2 juggernauts
  8 Killer Klowns
  2 caustic shrikes (Depths:3)
  5 curse toes
  Nikola (Swamp:4)
  Norris (Elf:1)
  10 golden dragons
  The ghost of Ciogeq the Sorcerer, an adept DECj of Vehumet (Vaults:4)
  A bone dragon (Zot:1)
  Arachne (Spider:2)
  2 Tzitzimimeh
  2 electric golems (Zot:5)
  A walking crystal tome (Depths:4)
  17 tentacled monstrosities
  2 walking earthen tomes
  23 Orb Guardians (Zot:5)
  A lich (Depths:2)
  Asterion (Spider:1)
  An Ice Fiend (D:8)
  4 titans
  5 quicksilver dragons
  2 deep elf blademasters (Elf:3)
  2 walking frostbound tomes (Depths:3)
  2 deep elf master archers (Elf:3)
  6 sphinxes
  6 death cobs
  An Executioner (Depths:4)
  10 tengu reavers
  12 storm dragons
  Agnes (Spider:3)
  8 shadow dragons
  Donald (Elf:1)
  Aizul (Elf:2)
  2 protean progenitors (Zot:5)
  12 draconian knights
  7 frost giants
  6 fire giants
  3 draconian monks
  3 draconian shifters
  An iron dragon (Vaults:5)
  5 emperor scorpions
  8 deep elf sorcerers
  4 ghost moths
  25 vault wardens
  A reaper (Depths:2)
  An angel (D:1)
  4 orc warlords
  3 deep elf elementalists (Elf:3)
  2 draconian scorchers
  Louise (Spider:4)
  A demonspawn blood saint (D:14)
  A spriggan defender (Depths:3)
  A demonspawn corrupter (D:14)
  3 draconian stormcallers
  7 draconian annihilators
  20 ironbound preservers
  4 formless jellyfish
  23 very ugly things
  14 stone giants
  2 broodmothers
  5 green draconians
  3 vampire knights
  3 ironbound thunderhulks
  9 deep elf demonologists
  6 spark wasps
  11 black draconians
  4 eleionomae
  8 deep elf annihilators
  5 deep elf death magi
  9 yellow draconians
  20 dire elephants
  7 purple draconians
  A minotaur (Lair:3)
  6 red draconians
  7 white draconians
  2 bunyips
  4 war gargoyles
  2 shambling mangroves (Swamp:4)
  6 ettins
  11 crystal guardians (Depths:2)
  24 yaktaur captains
  11 fire dragons
  3 jiangshi (Depths:3)
  6 entropy weavers
  8 deep elf high priests
  24 hydras
  4 great orbs of eyes
  6 rakshasas
  The ghost of audacious124 the Skirmisher, a journeyman DrSh of Ru (Lair:3)
  2 hell beasts
  4 ice dragons
  37 vault guards
  2 jorogumos (Spider:4)
  2 peacekeepers (Vaults:4)
  6 centaur warriors
  2 radroaches
  A spriggan air mage (Depths:4)
  8 alligators
  Erica (D:8)
  A quicksilver dragon skeleton (Depths:2)
  2 anacondas (Zot:5)
  6 boulder beetles
  3 ghost crabs (Swamp:3)
  13 dancing weapons
  4 ogre magi (Orc:2)
  6 ironbound frosthearts
  8 deep troll earth magi
  4 two-headed ogres
  7 tengu warriors
  A death knight (D:15)
  4 deep troll shamans
  3 vampire magi
  A hell hog (Depths:1)
  6 spriggan berserkers
  4 occultists
  6 orc high priests
  3 sun demons
  26 hell knights
  4 soul eaters
  8 demonic crawlers
  2 shock serpents (shapeshifter)
  7 deep elf knights
  3 skysharks
  A storm dragon zombie (Depths:1)
  5 iron trolls
  A skyshark (shapeshifter) (Depths:4)
  9 pharaoh ants
  11 deep elf archers
  61 deep trolls
  A shadow demon (D:14)
  A spark wasp zombie (Depths:2)
  A flayed ghost (Depths:4)
  3 large abominations (D:13)
  7 spriggan druids
  6 goliath frogs
  8 glowing orange brains
  A glowing orange brain (shapeshifter) (Vaults:5)
  11 orb spiders
  8 arcanists
  24 ironbound convokers
  An orange crystal statue (Depths:2)
  3 bog bodies
  13 lindwurms
  10 swamp dragons
  23 deep elf zephyrmancers
  5 phantasmal warriors
  3 thermic dynamos
  14 necromancers
  A tengu skeleton (Depths:1)
  A frost giant zombie (Depths:1)
  28 deep elf pyromancers
  4 harpies
  20 orc knights
  20 wolf spiders
  A fire giant zombie (Depths:2)
  A steelbarb worm (shapeshifter) (Vaults:5)
  2 manticores
  34 ugly things
  10 orc sorcerers
  A manticore (shapeshifter) (D:15)
  4 will-o-the-wisps
  2 cyclopes
  24 moths of wrath
  4 kobold blastminers (Orc:2)
  8 meliai
  2 meliai (shapeshifter)
  Joseph (D:8)
  4 molten gargoyles
  6 elephants
  5 black mambas
  4 smoke demons
  6 cane toads
  6 torpor snails
  2 hellions (Depths:1)
  2 gargoyles
  23 vault sentinels
  An efreet (D:14)
  38 yaktaurs
  4 rime drakes
  A freezing wraith (Vaults:5)
  A yaktaur (shapeshifter) (Vaults:4)
  13 komodo dragons
  Psyche (D:9)
  4 tengu conjurers
  A tormentor (Depths:2)
  8 trolls
  2 polar bears (Lair:3)
  3 bloated husks
  A queen bee (shapeshifter) (D:14)
  27 tarantellas
  6 tyrant leeches
  32 jumping spiders
  21 blink frogs
  20 hornets
  A blink frog (shapeshifter) (D:15)
  43 slime creatures
  26 culicivoras
  A centaur simulacrum (D:15)
  2 shadows (D:10)
  An air elemental (Elf:2)
  3 spriggan skeletons (Depths:1)
  20 spriggans
  7 water elementals
  2 vampires
  55 yaks
  A fire elemental (Elf:3)
  5 wraiths
  2 basilisks (shapeshifter)
  13 wyverns
  12 wargs
  10 basilisks
  15 humans (D:14)
  Menkaure (D:7)
  47 redbacks
  6 vampire mosquitoes
  3 chaos spawn
  3 steam dragons
  An acid dragon (D:10)
  A human zombie (Depths:1)
  17 swamp worms
  2 hell hounds (Lair:5)
  Duvessa (D:4)
  A human skeleton (Depths:2)
  10 swamp drakes
  17 water moccasins
  A meliai simulacrum (D:11)
  A sky beast (D:7)
  4 black bears
  24 orc warriors
  A redback (shapeshifter) (Vaults:5)
  5 small abominations (D:13)
  12 ogres
  4 laughing skulls
  7 centaurs
  2 phantoms
  12 wolves
  2 kobold brigands (D:9)
  4 gnoll sergeants
  20 bullfrogs
  3 scorpions
  2 earth elementals
  4 wights (D:7)
  Dowan (D:4)
  9 howler monkeys
  8 electric eels
  A bombardier beetle (D:5)
  4 crimson imps (Depths:1)
  10 lava snakes
  3 hounds
  A centaur zombie (D:4)
  2 jellies
  2 gnoll boudas
  14 orc priests
  A scorpion zombie (D:4)
  Jessica (D:2)
  2 sleepcaps
  Terence (D:3)
  An iguana (D:7)
  39 orc wizards
  Natasha (thrice) (D:4)
  2 hell rats (Lair:1)
  A hound zombie (D:4)
  Robin (D:3)
  27 gnolls
  5 adders
  7 river rats (Lair:1)
  A shadow imp (D:7)
  A white imp (D:5)
  2 adder zombies (D:4)
  An adder skeleton (D:4)
  3 dart slugs
  A ribbon worm (D:2)
  97 orcs
  4 ball pythons
  2 bats
  4 endoplasms
  2 giant cockroaches (D:3)
  17 goblins
  6 hobgoblins
  4 jackals (D:4)
  3 quokkas
  A frilled lizard (D:1)
  16 kobolds
  3 rats
  5 fire vortices
2131 creatures vanquished.

Vanquished Creatures (collateral kills)
  A juggernaut (Depths:4)
  2 Orb Guardians (Zot:5)
  A sphinx (Depths:4)
  A death cob (Zot:2)
  A tengu reaver (Vaults:5)
  2 storm dragons
  A draconian monk (Zot:3)
  3 shadow dragons
  A draconian shifter (Zot:4)
  A vault warden (Vaults:3)
  2 ironbound preservers
  A vampire knight (Depths:3)
  An ironbound thunderhulk (Vaults:2)
  A green draconian (Depths:4)
  2 yellow draconians
  A purple draconian (Depths:4)
  A dire elephant (Vaults:2)
  A black draconian (Zot:2)
  2 white draconians
  A sphinx zombie (Depths:1)
  A deep troll (Vaults:1)
  A shadow dragon zombie (Depths:2)
  An ugly thing (Depths:1)
  5 foxfires
35 creatures vanquished.

Vanquished Creatures (others)
  An eldritch tentacle (Zot:5)
  An alligator (Swamp:3)
  A swamp worm (Swamp:3)
  87 ball lightnings
  302 fire vortices
  950 foxfires
1342 creatures vanquished.

Grand Total: 3508 creatures vanquished

Notes
Turn   | Place    | Note
-------+----------+-------------------------------------------
     0 | D:1      | TacoSundae the Gargoyle Fire Elementalist began the quest
                  | for the Orb.
     0 | D:1      | Reached XP level 1. HP: 10/10 MP: 3/3
   377 | D:1      | Reached XP level 2. HP: 15/15 MP: 1/5
   740 | D:2      | Reached skill level 2 in Conjurations
   997 | D:2      | Noticed Jessica
  1000 | D:2      | Killed Jessica
  1001 | D:2      | Reached XP level 3. HP: 19/19 MP: 4/6
  1169 | D:2      | Learned a level 2 spell: Scorch
  1269 | D:2      | Reached XP level 4. HP: 21/24 MP: 4/7
  1597 | D:3      | Noticed Robin
  1677 | D:3      | Reached skill level 3 in Conjurations
  1703 | D:3      | Killed Robin
  2121 | D:3      | Reached XP level 5. HP: 28/28 MP: 3/9
  2172 | D:3      | Noticed Terence
  2177 | D:3      | Killed Terence
  2684 | D:4      | Noticed Duvessa
  2818 | D:4      | Reached skill level 4 in Conjurations
  2818 | D:4      | Reached XP level 6. HP: 32/32 MP: 4/10
  2824 | D:4      | Learned a level 3 spell: Volatile Blastmotes
  2829 | D:4      | Learned a level 4 spell: Flame Wave
  2885 | D:4      | Reached skill level 5 in Fire Magic
  3243 | D:4      | Noticed Natasha
  3250 | D:4      | Killed Natasha
  3496 | D:4      | Noticed Natasha
  3498 | D:4      | Killed Natasha
  3499 | D:4      | Reached XP level 7. HP: 36/36 MP: 12/12
  3586 | D:4      | Reached skill level 5 in Conjurations
  3770 | D:4      | Noticed Natasha
  3772 | D:4      | Killed Natasha
  3804 | D:4      | Noticed Dowan
  3806 | D:4      | Killed Duvessa
  3810 | D:4      | Killed Dowan
  4173 | D:4      | Identified the +1 dagger of the Brewing Seer {pain, rF++}
  4385 | D:5      | Entered Level 5 of the Dungeon
  4508 | D:5      | Reached skill level 6 in Conjurations
  4508 | D:5      | Reached XP level 8. HP: 35/41 MP: 14/14
  4876 | D:5      | Found a shimmering blue altar of Sif Muna.
  4982 | D:5      | Identified a scroll of acquirement
  4982 | D:5      | Acquired an Everburning Encyclopedia
  5145 | D:5      | Found a staircase to the Ecumenical Temple.
  5151 | Temple   | Entered the Ecumenical Temple
  5166 | Temple   | Became a worshipper of Vehumet
  5522 | D:6      | Reached skill level 7 in Conjurations
  5878 | D:6      | Reached XP level 9. HP: 45/45 MP: 16/16
  6027 | D:6      | Reached skill level 5 in Spellcasting
  6075 | D:6      | Reached skill level 8 in Conjurations
  6452 | D:7      | Noticed Menkaure
  6554 | D:7      | Killed Menkaure
  6554 | D:7      | Reached * piety under Vehumet
  6554 | D:7      | Offered knowledge of Sandblast by Vehumet.
  7052 | D:7      | Reached skill level 9 in Conjurations
  7463 | D:8      | Noticed an oklob plant
  7474 | D:8      | Noticed an oklob plant
  7486 | D:8      | Noticed Erica
  7495 | D:8      | Killed Erica
  7496 | D:8      | Reached XP level 10. HP: 50/50 MP: 17/19
  7654 | D:8      | Found a sparkling altar of Nemelex Xobeh.
  7656 | D:8      | Found a white marble altar of Elyvilon.
  7908 | D:8      | Noticed an oklob plant
  8190 | D:8      | Reached skill level 10 in Conjurations
  8320 | D:8      | Noticed Joseph
  8473 | D:8      | Killed Joseph
  8600 | D:8      | Found an opulent altar of Gozag.
  8600 | D:8      | Found an ornate altar of the Wu Jian Council.
  8600 | D:8      | Found a shadowy altar of Dithmenos.
  8600 | D:8      | Found a glowing golden altar of the Shining One.
  8610 | D:8      | Reached ** piety under Vehumet
  8804 | D:9      | Offered knowledge of Freeze by Vehumet.
  8827 | D:9      | Noticed Psyche
  8834 | D:9      | Reached skill level 10 in Fire Magic
  8836 | D:9      | Killed Psyche
  9069 | D:9      | Noticed a two-headed ogre
  9125 | D:9      | Killed a two-headed ogre
  9160 | D:9      | Found Fuurimy's Book Shoppe.
  9185 | D:9      | Found Risokh's Weapon Boutique.
  9193 | D:9      | Found a staircase to the Orcish Mines.
  9210 | D:9      | Reached XP level 11. HP: 44/55 MP: 12/21
  9213 | D:9      | Reached skill level 1 in Fighting
  9319 | D:9      | Offered knowledge of Dazzling Flash by Vehumet.
  9339 | D:9      | Reached skill level 11 in Conjurations
  9720 | D:9      | Reached *** piety under Vehumet
 10055 | Orc:1    | Entered Level 1 of the Orcish Mines
 10217 | D:10     | Entered Level 10 of the Dungeon
 10362 | D:10     | Offered knowledge of Brom's Barrelling Boulder by Vehumet.
 11362 | D:11     | Noticed a boulder beetle
 11467 | D:11     | Found a staircase to the Lair.
 11470 | D:11     | Reached **** piety under Vehumet
 11474 | D:11     | Offered knowledge of Fulminant Prism by Vehumet.
 11903 | D:11     | Reached XP level 12. HP: 67/67 MP: 24/24
 11969 | D:11     | Noticed a six-headed hydra
 11981 | D:11     | Killed a six-headed hydra
 11982 | D:11     | Reached skill level 1 in Staves
 11982 | D:11     | Reached skill level 1 in Evocations
 12027 | D:11     | Learned a level 8 spell: Ignition
 12954 | D:11     | Gained mutation: Potions are less effective at restoring
                  | your health. [potion of mutation]
 12954 | D:11     | Gained mutation: You are dopey. (Int -2) [potion of
                  | mutation]
 12954 | D:11     | Gained mutation: Your magical capacity is low. (-10% MP)
                  | [potion of mutation]
 12954 | D:11     | Gained mutation: You have large cloven feet. [potion of
                  | mutation]
 12955 | D:11     | Lost mutation: Your magical capacity is low. (-10% MP)
                  | [potion of mutation]
 12955 | D:11     | Lost mutation: You are dopey. (Int -2) [potion of mutation]
 12955 | D:11     | Gained mutation: You possess an exceptional clarity of
                  | mind. [potion of mutation]
 12955 | D:11     | Gained mutation: You are partially covered in iridescent
                  | scales. (AC +2) [potion of mutation]
 13060 | Lair:1   | Entered Level 1 of the Lair of Beasts
 13296 | Lair:1   | Found a dark tunnel.
 13309 | Volcano  | Entered a volcano
 13538 | Lair:1   | Reached ***** piety under Vehumet
 13538 | Lair:1   | Offered knowledge of Airstrike by Vehumet.
 14557 | Lair:2   | Reached skill level 5 in Staves
 14558 | Lair:2   | Reached XP level 13. HP: 68/72 MP: 19/25
 14596 | Lair:2   | Reached skill level 5 in Evocations
 14603 | Lair:2   | Reached skill level 15 in Fire Magic
 15448 | Lair:2   | Reached skill level 12 in Conjurations
 15863 | Lair:3   | Reached skill level 5 in Fighting
 16168 | Lair:3   | Acquired 850 gold pieces
 16501 | Lair:3   | Found a runed translucent gate.
 16503 | Lair:3   | Found a runed translucent gate.
 16504 | Lair:3   | Found a runed translucent gate.
 16505 | Lair:3   | Noticed audacious124's ghost (journeyman DrSh)
 16518 | Lair:3   | Noticed a minotaur
 16556 | Lair:3   | Found a staircase to the Swamp.
 16560 | Lair:3   | Offered knowledge of Starburst by Vehumet.
 17067 | Lair:3   | Found a hole to the Spider Nest.
 17373 | Lair:3   | Learned a level 6 spell: Starburst
 17404 | Lair:4   | Learned a level 5 spell: Freezing Cloud
 17831 | Lair:4   | Gained mutation: Your large and strong wings let you fly.
                  | [Gargoyle growth]
 17831 | Lair:4   | Reached XP level 14. HP: 80/80 MP: 26/27
 18451 | Lair:4   | Found a staircase to the Slime Pits.
 18453 | Lair:4   | Found a viscous altar of Jiyva.
 18611 | Lair:4   | Reached skill level 1 in Shields
 18638 | Lair:4   | Reached skill level 13 in Conjurations
 18966 | Lair:5   | Entered Level 5 of the Lair of Beasts
 19949 | Lair:5   | Found a large runed translucent door.
 19997 | Lair:5   | Found a large runed translucent door.
 20483 | D:11     | Upgraded the game from 0.32-a0-886-g41c5271027 to
                  | 0.32-a0-893-gf85d74f360
 20568 | D:12     | You are sucked into a shaft and drop 2 floors!
 20596 | D:14     | rip
 20838 | D:12     | Reached skill level 10 in Spellcasting
 21352 | D:13     | Identified the amulet "Zerghuyst" {rF+ RegenMP+}
 21719 | D:13     | Found a runed translucent door.
 21758 | D:13     | Acquired the +2 hat of the Leaf {rF+}
 22206 | D:13     | Reached skill level 5 in Shields
 22373 | D:13     | Noticed a tentacled monstrosity
 22376 | D:13     | fuuuuu
 22380 | D:13     | Killed a tentacled monstrosity
 22599 | D:13     | Learned a level 6 spell: Plasma Beam
 22603 | D:14     | Reached skill level 1 in Air Magic
 22651 | D:14     | Reached XP level 15. HP: 86/86 MP: 27/29
 22834 | Orc:1    | Offered knowledge of Eringya's Noxious Bog by Vehumet.
 22932 | Orc:2    | Entered Level 2 of the Orcish Mines
 22959 | Orc:2    | Found a staircase to the Elven Halls.
 23025 | Orc:2    | Found a large runed translucent door.
 23026 | Orc:2    | Found a large runed translucent door.
 23030 | Orc:2    | Noticed jasper's ghost (journeyman DgBr)
 23084 | Orc:2    | Reached skill level 5 in Air Magic
 23108 | Orc:2    | Paralysed by something for 5 turns
 23114 | Orc:2    | Reached skill level 1 in Ice Magic
 23338 | Orc:2    | Found a burning altar of Makhleb.
 23480 | Orc:2    | Found Osu Xof's Distillery.
 23480 | Orc:2    | Found Enolil's General Store.
 23485 | Orc:2    | Bought a potion of magic for 128 gold pieces
 23485 | Orc:2    | Bought a potion of magic for 128 gold pieces
 23617 | Orc:2    | Found a roughly hewn altar of Beogh.
 23632 | Orc:2    | Found Urghenari's Weapon Boutique.
 23634 | Orc:2    | Found Lisedir's Magic Scroll Shop.
 23687 | Orc:2    | Bought a scroll of revelation for 135 gold pieces
 23889 | Orc:2    | Found Piaxzut's Antique Weapon Shop.
 24287 | Orc:1    | Reached ****** piety under Vehumet
 24334 | Orc:1    | Found a roughly hewn altar of Beogh.
 24399 | Orc:1    | Found a roughly hewn altar of Beogh.
 24406 | Orc:1    | Offered knowledge of Ozocubu's Refrigeration by Vehumet.
 24682 | Elf:1    | Entered Level 1 of the Elven Halls
 25142 | Lair:3   | Killed audacious124's ghost
 25757 | D:14     | Identified the +7 quarterstaff "Qocein" {venom, rPois rC+
                  | Str+3}
 26103 | D:14     | Found a gate to the Vaults.
 26110 | D:14     | Reached XP level 16. HP: 81/92 MP: 27/30
 26608 | Swamp:1  | Entered Level 1 of the Swamp
 26827 | Swamp:1  | Identified the +10 dagger of Eren {flame, Fly MP+9}
 26832 | Swamp:1  | Reached skill level 10 in Shields
 26843 | Swamp:1  | Reached skill level 14 in Conjurations
 27061 | Swamp:1  | Found the +7 great mace "Firestarter" {flame, immolate,
                  | rFlCloud rF++}
 27343 | Swamp:2  | Offered knowledge of Lee's Rapid Deconstruction by Vehumet.
 28969 | Swamp:4  | Entered Level 4 of the Swamp
 29095 | Swamp:4  | Noticed a tentacled monstrosity
 29105 | Swamp:4  | Killed a tentacled monstrosity
 29105 | Swamp:4  | Offered knowledge of Conjure Ball Lightning by Vehumet.
 29133 | Swamp:4  | Learned a level 6 spell: Conjure Ball Lightning
 29159 | Swamp:4  | Noticed a tentacled monstrosity
 29177 | Swamp:4  | Killed a tentacled monstrosity
 29193 | Swamp:4  | Reached XP level 17. HP: 70/99 MP: 28/31
 29195 | Swamp:4  | Reached skill level 15 in Conjurations
 29673 | Swamp:4  | Noticed Nikola
 29689 | Swamp:4  | Killed Nikola
 30210 | Swamp:4  | Got a decaying rune of Zot
 30335 | Spider:1 | Entered Level 1 of the Spider Nest
 30396 | Spider:1 | Reached skill level 10 in Evocations
 30472 | Spider:1 | Offered knowledge of Maxwell's Capacitive Coupling by
                  | Vehumet.
 30725 | Spider:1 | Reached skill level 10 in Fighting
 31149 | Spider:1 | Noticed Asterion
 31161 | Spider:1 | Killed Asterion
 31866 | Spider:2 | Reached XP level 18. HP: 107/107 MP: 19/32
 31958 | Spider:2 | Noticed Arachne
 31964 | Spider:2 | Killed Arachne
 32725 | Spider:3 | Noticed Agnes
 32729 | Spider:3 | Killed Agnes
 32939 | Spider:3 | Reached skill level 16 in Conjurations
 33203 | Spider:4 | Entered Level 4 of the Spider Nest
 33383 | Spider:4 | Offered knowledge of Fire Storm by Vehumet.
 33383 | Spider:4 | Offered knowledge of Shatter by Vehumet.
 33383 | Spider:4 | Offered knowledge of Polar Vortex by Vehumet.
 33445 | Spider:4 | Got the Volume of Terrain
 34098 | Spider:4 | Noticed Louise
 34329 | Spider:4 | Killed Louise
 34536 | Spider:4 | Got a gossamer rune of Zot
 34890 | D:9      | Bought a book of Geomancy for 242 gold pieces
 34894 | D:9      | Learned a level 3 spell: Stone Arrow
 35132 | Elf:1    | Reached skill level 17 in Conjurations
 35392 | Elf:1    | Reached XP level 19. HP: 105/112 MP: 22/35
 35503 | Elf:1    | Got the Atlas of Wounds
 35535 | Elf:1    | Noticed Norris
 35547 | Elf:1    | Noticed Donald
 35562 | Elf:1    | Killed Norris
 35565 | Elf:1    | Killed Donald
 35756 | Elf:1    | Noticed Roxanne
 36539 | Elf:2    | Identified the serpent talisman of Noughts and Crosses {rC+
                  | rN+}
 36539 | Elf:2    | Noticed Aizul
 36560 | Elf:2    | Killed Aizul
 36611 | Elf:2    | Paralysed by an air elemental for 1 turns
 36624 | Elf:2    | Found Cumutuan's Self-Improvement Boutique.
 36823 | Elf:2    | Found Naro's Assorted Antiques.
 37005 | Elf:2    | Reached skill level 18 in Conjurations
 37416 | Elf:3    | Entered Level 3 of the Elven Halls
 37506 | Elf:3    | Found a transporter.
 37633 | Elf:3    | Found a transporter.
 37640 | Elf:3    | Noticed Lysca's ghost (adept FoCj)
 37645 | Elf:3    | Found a bloodstained altar of Trog.
 37704 | Elf:3    | Found a radiant altar of Vehumet.
 38625 | Elf:3    | Found Apumamuq's Assorted Antiques.
 38750 | Elf:3    | Identified the +8 battleaxe of the Forgotten Princes
                  | {speed, Fly rN++ Will+ Int-3}
 39184 | Elf:3    | Identified the +5 morningstar of True Grit {flame, *Slow
                  | rPois rF- Will+++}
 39186 | Elf:3    | Reached XP level 20. HP: 117/117 MP: 12/37
 39327 | Elf:3    | Got the Compendium of Hoarfrost
 39333 | Elf:3    | Identified the staff of Wounding {rElec Dex+3 Air}
 39355 | Elf:3    | Identified the staff of Conversion {rF+ Int-4 Necro Earth
                  | Alchemy}
 39684 | D:15     | Entered Level 15 of the Dungeon
 39774 | D:15     | Found an ornate altar of the Wu Jian Council.
 40007 | D:15     | Reached skill level 19 in Conjurations
 40050 | D:15     | Learned a level 9 spell: Fire Storm
 40840 | D:15     | Found a staircase to the Depths.
 40989 | Depths:1 | Entered Level 1 of the Depths
 41064 | Vaults:1 | Entered Level 1 of the Vaults
 42033 | Vaults:1 | Reached skill level 20 in Conjurations
 42329 | Vaults:1 | Found Qiack's Weapon Emporium.
 43239 | Vaults:2 | Reached XP level 21. HP: 106/122 MP: 39/39
 43407 | Vaults:2 | Reached skill level 21 in Conjurations
 43433 | Vaults:2 | Found a staircase to the Crypt.
 43562 | Vaults:2 | Identified the +0 scale mail "Hufydum" {Rampage Str+2}
 44510 | Vaults:3 | Found a portal to a secret trove of treasure.
 44755 | Vaults:3 | Acquired 1260 gold pieces
 45049 | Vaults:3 | Identified the ring of Ymazol {rN+ SInv}
 45169 | Vaults:3 | Reached skill level 22 in Conjurations
 45173 | Vaults:3 | Identified the ring "Reeg" {rC+ rN++ Will- Dex+6 Stlth+}
 45186 | Vaults:3 | Identified the +0 plate armour of Suefeud {rElec SInv}
 45198 | Vaults:3 | HP: 4/122 [spore (4)]
 46329 | Vaults:3 | You paid a toll of a +7 demon whip to enter a treasure
                  | trove
 46330 | Trove    | Entered a treasure trove
 46332 | Trove    | Found a bloodstained altar of Trog.
 46348 | Trove    | Identified the +10 spear of Wu Jian's Esteem {freeze, MP+9
                  | Dex+3}
 46363 | Trove    | Identified the +8 quarterstaff of Anguish {heavy, rF++ rC+
                  | Dex+3}
 46386 | Trove    | Found the +7 lajatang of Order {silver, rMut}
 46393 | Trove    | Identified the +9 quarterstaff "Saudanax" {venom, rN+}
 46850 | Vaults:4 | Reached skill level 10 in Staves
 47195 | Elf:2    | Bought a manual of Air Magic for 1520 gold pieces
 47562 | Vaults:4 | Reached XP level 22. HP: 127/127 MP: 37/40
 47569 | Vaults:4 | Learned a level 3 spell: Swiftness
 47985 | Vaults:4 | Found Azey's Jewellery Shop.
 48632 | Vaults:4 | Reached skill level 15 in Shields
 48753 | Vaults:4 | Found a runed translucent gate.
 48753 | Vaults:4 | Found a runed translucent gate.
 48753 | Vaults:4 | Found a runed translucent gate.
 48754 | Vaults:4 | Noticed Ciogeq's ghost (adept DECj)
 48772 | Vaults:4 | Killed Ciogeq's ghost
 48786 | Vaults:4 | Found a roughly hewn altar of Beogh.
 49369 | Vaults:5 | Entered Level 5 of the Vaults
 49372 | Vaults:5 | Reached skill level 23 in Conjurations
 49400 | Vaults:5 | Noticed Mennas
 49403 | Vaults:5 | Killed Mennas
 49404 | Vaults:5 | Reached XP level 23. HP: 74/133 MP: 30/41
 49481 | Vaults:5 | Identified the ring of Ruhoh {^Drain rF- Will++ EV+5 Str+4
                  | Dex+4}
 49529 | Vaults:5 | Noticed an ancient lich
 49593 | Vaults:5 | Killed an ancient lich
 49599 | Vaults:5 | Identified the +6 dire flail "Xuraorgha" {pain, rF+ rC-
                  | SInv}
 49743 | Vaults:5 | Identified the +6 mace of the Wasteland {vamp, *Noise rC+
                  | Int+6}
 49823 | Vaults:5 | Got Renn's Incunable of Electrocution
 49920 | Vaults:5 | Identified the +7 falchion of Virtue {flame, rF+++ Str+3
                  | Int+2 Dex-3}
 50083 | Vaults:5 | Noticed a golden dragon
 50086 | Vaults:5 | Killed a golden dragon
 50191 | Vaults:5 | Identified the +1 scimitar of Uskayaw's Anger {distort,
                  | Dex+2}
 50192 | Vaults:5 | Noticed a golden dragon
 50193 | Vaults:5 | Reached skill level 24 in Conjurations
 50196 | Vaults:5 | Killed a golden dragon
 50204 | Vaults:5 | Identified the +4 halberd of Velebiat {heavy, rElec rPois
                  | rF+}
 50205 | Vaults:5 | Reached skill level 15 in Spellcasting
 50996 | Vaults:5 | Identified the +0 plate armour "Rukhligeps" {rElec Int-4
                  | Dex+7}
 51043 | Vaults:5 | Got a silver rune of Zot
 51054 | Vaults:5 | Identified the +8 whip "Cuasofim" {venom, rF+++ rC- Will+++
                  | Str-4}
 51753 | Depths:1 | Reached XP level 24. HP: 142/142 MP: 37/42
 51878 | Depths:1 | Found the +8 whip "Snakebite" {venom, curare, rPois}
 51895 | Depths:1 | Found a gateway to Hell.
 52028 | Depths:1 | Found a one-way gate to the infinite horrors of the Abyss.
 52036 | Depths:1 | Learned a level 5 spell: Fireball
 52132 | Depths:1 | Found a shimmering altar of Xom.
 52376 | Depths:1 | Found a transporter.
 52377 | Depths:1 | Noticed a caustic shrike
 52403 | Depths:1 | Noticed Qaqanta's ghost (veteran GnWn)
 52410 | Depths:1 | Found a transporter.
 52416 | Depths:1 | Identified the +7 spear "Gilompaq" {heavy, rElec rF+ Int-2
                  | Stlth+}
 52602 | Depths:2 | Found a one-way gateway to a ziggurat.
 52848 | Depths:2 | Found a one-way gate leading to the halls of Pandemonium.
 53028 | Depths:2 | Found Padwewo's Practical Paraphernalia.
 53125 | Depths:2 | Found a white marble altar of Elyvilon.
 53509 | Depths:2 | Reached skill level 25 in Conjurations
 53723 | Depths:2 | Found a shimmering blue altar of Sif Muna.
 54034 | Depths:2 | Upgraded the game from 0.32-a0-893-gf85d74f360 to
                  | 0.32-a0-986-ga09f62fbf4
 55270 | Depths:3 | Identified the +5 scale mail of Puciguqega {rPois rF+++
                  | Slay-4 Stlth+}
 55321 | Depths:3 | Identified the +2 glaive "Uneiteic" {freeze, Int+3}
 55462 | Depths:3 | Noticed a caustic shrike
 55469 | Depths:3 | Killed a caustic shrike
 55476 | Depths:3 | Noticed a caustic shrike
 55479 | Depths:3 | Killed a caustic shrike
 55694 | Depths:3 | Noticed a juggernaut
 55696 | Depths:3 | Killed a juggernaut
 56037 | Depths:4 | Entered Level 4 of the Depths
 56050 | Depths:4 | Reached XP level 25. HP: 152/152 MP: 42/43
 56264 | Depths:4 | Noticed a juggernaut
 56268 | Depths:4 | Killed a juggernaut
 56492 | Depths:4 | Noticed a juggernaut
 56494 | Depths:4 | Killed a juggernaut
 56602 | Depths:4 | Found a gate to the Realm of Zot.
 56623 | Depths:4 | Found a blossoming altar of Fedhas.
 56648 | Depths:4 | Reached skill level 1 in Earth Magic
 56774 | Depths:4 | Noticed an ancient lich
 56778 | Depths:4 | Killed an ancient lich
 57247 | Zot:1    | Entered Level 1 of the Realm of Zot
 57341 | Zot:1    | Noticed a Killer Klown
 57373 | Zot:1    | Killed a Killer Klown
 57373 | Zot:1    | Noticed an orb of fire
 57378 | Zot:1    | Reached skill level 5 in Earth Magic
 57378 | Zot:1    | Killed an orb of fire
 57638 | Zot:1    | Noticed a Killer Klown
 57645 | Zot:1    | Killed a Killer Klown
 57891 | Zot:2    | Reached XP level 26. HP: 149/159 MP: 37/44
 58042 | Zot:2    | Learned a level 8 spell: Lehudib's Crystal Spear
 58206 | Zot:4    | Noticed a Killer Klown
 58209 | Zot:4    | Killed a Killer Klown
 58211 | Zot:4    | Noticed a Killer Klown
 58216 | Zot:4    | Killed a Killer Klown
 58352 | Zot:4    | Noticed a Killer Klown
 58354 | Zot:4    | Killed a Killer Klown
 58421 | Zot:4    | Reached skill level 10 in Earth Magic
 58422 | Zot:4    | Found the +4 dragonskin cloak {Aegis}
 58422 | Zot:4    | Noticed Tiamat
 59051 | Zot:4    | Killed Tiamat
 59221 | Zot:5    | Entered Level 5 of the Realm of Zot
 59734 | Zot:5    | Noticed a dread lich
 59736 | Zot:5    | Killed a dread lich
 59737 | Zot:5    | Reached skill level 26 in Conjurations
 59741 | Zot:5    | Noticed a Killer Klown
 59744 | Zot:5    | Killed a Killer Klown
 59750 | Zot:5    | Noticed a dread lich
 59752 | Zot:5    | Killed a dread lich
 59756 | Zot:5    | Noticed an ancient lich
 59760 | Zot:5    | Killed an ancient lich
 59775 | Zot:5    | Noticed an orb of fire
 59778 | Zot:5    | Noticed an orb of fire
 59779 | Zot:5    | Killed an orb of fire
 59781 | Zot:5    | Noticed a Killer Klown
 59784 | Zot:5    | Killed an orb of fire
 59784 | Zot:5    | Killed a Killer Klown
 59785 | Zot:5    | Reached XP level 27. HP: 142/164 MP: 38/46
 59805 | Zot:5    | Noticed an orb of fire
 59809 | Zot:5    | Killed an orb of fire
 59813 | Zot:5    | Noticed an ancient lich
 59817 | Zot:5    | Killed an ancient lich
 60019 | Zot:5    | Noticed a dread lich
 60022 | Zot:5    | Killed a dread lich
 60194 | Zot:5    | Reached skill level 15 in Earth Magic
 60197 | Zot:5    | Noticed a dread lich
 60199 | Zot:5    | Killed a dread lich
 60508 | Zot:5    | Got the Orb of Zot
 61140 | D:$      | Escaped with the Orb!

Illustrated notes #.##.# #....# ###..# #..####### #......... #..###..## #..# .D# #..# ..# #.@###..# #.......# #.####.## #[. .# ### .# .. ## Turn 20596 on D:14: rip

...'.#..### #.........# #.....
...#####..####.....#### #.####
##.# ##......÷...## #..... ##.#
#.###.......## #..... ##.#
#.#.##.#'#...# #.#### ##.#
##.##..#.##..# #.#### ##.###
####.##X.##..# #..... .....#
#.#....##... #.##.# ...#.#
#.#.@...#.##.# #..... ...#.#
.##.....#.# .##.##.. ...#.#
##....##. .#...># .....# #.....##
#.....
##...###########......######..#.#
.###.............................
........##.#######.###...........
.....#####.#######.# #...........
.##### #.#.....#.# #...........


Turn 22376 on D:13: fuuuuu

Levels and vault maps discovered:
D:1:      orjb1_lava_funnel, layout_loops_ring
D:2:      layout_rooms, minmay_puff, uniq_jessica
D:3:      layout_basic, uniq_terence, uniq_robin
D:4:      layout_basic, dilly_guarded_unrand_morg, uniq_duvessa
D:5:      layout_loops_cross, lemuel_crystal_altar,
          minmay_temple_entry_metal_lava, chequers_decorated_corner,
          chequers_serial_rivers_micro_d, corexii_corridor_pit,
          corexii_leaking_fountain
D:6:      layout_basic
D:7:      layout_loops_ring, uniq_menkaure
D:8:      layout_basic, grunt_temple_overflow_open,
          grunt_temple_overflow_cloverleaf, disabler_island, uniq_erica,
          uniq_joseph
D:9:      layout_loops_ring, orc_david_3, serial_shops, shop,
          supply_closet_lemuel, minmay_orc_keep, uniq_psyche
D:10:     layout_irregular_city
D:11:     minmay_the_grid_four_pointed_star_mashed
          [minmay_the_grid_triangle_9x9_thin_v,
          minmay_the_grid_triangle_9x9_empty,
          minmay_the_grid_triangle_9x9_from_above,
          minmay_the_grid_triangle_9x9_corruption,
          minmay_the_grid_prize_inner_circle], layout_irregular_city,
          minmay_lair_entry_grove
D:12:     layout_roguey, drop_trap, nrook_loot_triangle, minivault_27
D:13:     cheibrodos_body_horror, layout_basic
D:14:     layout_loops_ring, grunt_vaults_entry_tiered, infiniplex_staircase_x,
          grunt_ministairs_1
D:15:     gammafunk_enter_depths_forms, layout_gridville,
          nicolae_wu_jian_immortal_techniques
Temple:   eino_wide_crystal_templ
Lair:1:   layout_regular_city, enter_volcano_1, kennysheep_rathole,
          infiniplex_staircase_pool_2
Lair:2:   layout_regular_city, serial_bayou_shore_a, grunt_megastairs_3
Lair:3:   layout_chaotic_city, minmay_swamp_entry_eels,
          hellmonk_spider_entry_life_and_decay, maelrawn_ghost_gauntlet_escape,
          chequers_serial_rivers_large_a, st_stairs_13, minmay_lair_oklob_bushes
Lair:4:   cheibrodos_magma_flow, layout_regular_city, slime_entry_1,
          serial_bayou_shore_b
Lair:5:   cheibrodos_lair_end_hotspot, layout_regular_city
Swamp:1:  layout_basic_swamp, evilmike_swamp_ruin_rubble_1
Swamp:2:  cheibrodos_swamp_heart_of_darkness, layout_falls_marsh,
          nicolae_swamp_ascending_descending_big
Swamp:3:  layout_falls_marsh, hangedman_swamp_blocks
Swamp:4:  swamp, layout_basic_swamp, swamp_pool_1_2, nicolae_swamp_little_tower,
          infiniplex_staircase_pool, uniq_nikola
Spider:1: layout_spider_delve, hangedman_spider_trapstep, uniq_asterion
Spider:2: layout_spider_delve, uniq_arachne
Spider:3: layout_cave_pods, uniq_agnes
Spider:4: grunt_spider_rune_parallel, hellmonk_deceptive_appearances,
          uniq_louise
Orc:1:    layout_diamond_mine, basic_altar, nicolae_orc_beogh_chapel,
          nicolae_orc_tapped_out
Orc:2:    st_orc_town, layout_diamond_mine, basic_altar, serial_shops, shop,
          ebering_ghost_disaster_area
Elf:1:    minmay_elf_arrival_circle, layout_rooms, minmay_elf_annihilation,
          uniq_donald, uniq_norris, uniq_roxanne
Elf:2:    nicolae_elf_blades_crystal_corner, layout_onion_city, serial_shops,
          nicolae_shop_back_alley_shop, minmay_crystal_room,
          nicolae_shop_self_help, uniq_aizul
Elf:3:    grunt_elf_hall_asides, layout_loops_corners,
          gammafunk_ghost_wrathful_warriors, basic_altar, serial_shops, shop,
          drop_trap
Vaults:1: vaults_mumra_hexcomb, v_misc_5, nicolae_vaults_border_crossing,
          v_misc_17, nicolae_vaults_double_plus_1,
          ontoclasm_vaults_claustrophobia, nicolae_vaults_trapezoid_lopsided_4,
          v_misc_30, ontoclasm_vaults_ligature, vaults_dpeg_diagonal,
          nicolae_vaults_layer_cake_slice, nicolae_vaults_network_quinsquares
          [nicolae_vaults_network_quincunx_subvault,
          nicolae_vaults_network_quincunx_subvault,
          nicolae_vaults_network_quincunx_subvault,
          nicolae_vaults_network_quincunx_subvault], ontoclasm_vaults_pinch,
          ontoclasm_vaults_shuriken, nicolae_vaults_taking_the_gang_shopping,
          nicolae_vaults_tetromino_L_2, layout_vaults_omnibox
Vaults:2: ontoclasm_vaults_bender, v_misc_3, minmay_crypt_entry_simple_round,
          v_alt_pattern_3, vaults_room_pool, hangedman_vaults_cutoff,
          nicolae_vaults_twisting_passages, nicolae_vaults_layer_cake_slice,
          nicolae_vaults_door_testing_chamber, vaults_mumra_hex,
          nicolae_vaults_tetromino_Z_2, nicolae_vaults_wine_cellar,
          layout_vaults_ring
Vaults:3: v_rooms_2, hangedman_vaults_stagger, lightli_orcish_oven,
          nicolae_vaults_tetromino_T_2,
          nicolae_vaults_antechamber_and_loot_room, ontoclasm_vaults_ring_large,
          nicolae_vaults_sesquioval_fish, v_misc_9, nicolae_vaults_tangram_1,
          v_pattern_2, layout_vaults_omnigrid, nicolae_trove_entry_crossroad
Vaults:4: biasface_ghost_orc_armoury, dpeg_vaults_pockets_of_resistance,
          hangedman_vaults_nails, nicolae_vaults_network_periphery,
          hangedman_vaults_variations, vaults_room_grid,
          nicolae_vaults_storage_closets_1, nicolae_vaults_bisected_slash,
          nicolae_vaults_hexular_roomagon, v_misc_30, grunt_vaults_funnel,
          nicolae_vaults_tetromino_L_1, layout_vaults_omnicross, serial_shops,
          shop
Vaults:5: uniq_mennas
Depths:1: layout_long_grid, gammafunk_ghost_berserking_beasts,
          serial_library_hellmonk_hallway_a, hellmouth_2, abyss_entry,
          minmay_misc_feat_diagonals, led_xom_imps
Depths:2: minmay_crystal_thing, layout_cave_pools, enter_ziggurat_e, hell_entry,
          grunt_pan_entry_sceptre, small_statue_intersection,
          nicolae_alphabet_shops, hangedman_decor_slide_cut, elyvilon_altar_1
Depths:3: cell_vault, layout_honeycomb, hangedman_coc_ice_floe,
          regret_index_abyss_entry_earlier_magic, serial_co_window_serial,
          co_window_corner_a, co_window_of_opportunity_a, co_window_corner_a,
          co_window_corner_a, co_window_paths_b, co_window_cross_2,
          co_window_broadway_b, co_window_unsneaky_path_c, glass_columns_a,
          glass_columns_b, glass_columns_a, pan_entry
Depths:4: grunt_crosshair, layout_cave_shapes, hell_entry, fedhas_altar_3,
          minmay_shattered_shrine
Zot:1:    grunt_zot_stairs_mandelzot, layout_cathedral_of_symmetry,
          hangedman_zot_wheel_spokes
Zot:2:    layout_gridville, gammafunk_ghost_cemetery, st_stairs_13,
          grunt_ministairs_2
Zot:3:    layout_basic
Zot:4:    layout_cathedral_of_symmetry, hangedman_zot_decor_scrapings,
          gammafunk_ghost_grave, grunt_megastairs_2, uniq_tiamat
Zot:5:    layout_gridlike

Skill      XL: |  1  2  3  4  5  6  7  8  9 10 11 12 13 14 15 16 17 18 19 20 21 22 23 24 25 26 27 |
---------------+----------------------------------------------------------------------------------+-----
Conjurations   | 2 3 4 6 7 9 10 11 12 13 14 15 17 18 20 22 23 24 25 26 | 26.9
Fire Magic     | 4 5 6 7 9 11 12 14 15 16 17 18 19 20 21 22 23 24 | 24.4
Spellcasting   | 3 4 6 7 8 9 10 12 13 14 15 16 17 19 20 | 20.1
Fighting       | 4 6 7 8 10 12 13 14 | 14.5
Staves         | 5 6 7 8 10 | 10.0
Evocations     | 4 5 6 8 10 | 10.0
Shields        | 5 7 10 15 | 15.3
Air Magic      | 1 5 7 9 |  9.4
Ice Magic      | 3 |  3.1
Earth Magic    | 8 14 15 | 15.7
Dodging        | |  1.5
Stealth        | |  2.1

Action                     |  1- 3 |  4- 6 |  7- 9 | 10-12 | 13-15 | 16-18 | 19-21 | 22-24 | 25-27 || total
---------------------------+-------+-------+-------+-------+-------+-------+-------+-------+-------++-------
  Melee: Unarmed           |     4 |       |       |       |       |       |       |       |       ||     4
         Short sword       |     6 |    18 |     3 |       |       |       |       |       |       ||    27
         Dagger            |       |       |    18 |    26 |       |       |       |       |       ||    44
         Staff             |       |       |       |    44 |   180 |   102 |    84 |    83 |    47 ||   540
   Cast: Foxfire           |    31 |    66 |   115 |   251 |    78 |    11 |       |       |       ||   552
         Scorch            |       |    22 |    74 |   267 |   350 |   247 |    52 |    18 |     6 ||  1036
         Volatile Blastmot |       |     4 |       |     2 |       |       |       |       |       ||     6
         Flame Wave        |       |       |     2 |    25 |     3 |       |       |       |       ||    30
         Ignition          |       |       |       |     2 |    71 |   100 |    72 |    40 |       ||   285
         Freezing Cloud    |       |       |       |       |    34 |     8 |     8 |    14 |       ||    64
         Starburst         |       |       |       |       |    45 |    99 |   131 |    47 |     1 ||   323
         Plasma Beam       |       |       |       |       |    36 |    74 |    81 |    64 |    17 ||   272
         Conjure Ball Ligh |       |       |       |       |       |    18 |    10 |     4 |     1 ||    33
         Stone Arrow       |       |       |       |       |       |    31 |    54 |    15 |       ||   100
         Fire Storm        |       |       |       |       |       |       |    42 |   175 |   202 ||   419
         Swiftness         |       |       |       |       |       |       |       |     1 |     1 ||     2
         Fireball          |       |       |       |       |       |       |       |     5 |     2 ||     7
         Lehudib's Crystal |       |       |       |       |       |       |       |       |    48 ||    48
  Evoke: Wand              |       |       |       |     4 |       |       |     2 |     2 |     8 ||    16
         Lightning rod     |       |       |       |       |       |       |     4 |     2 |     1 ||     7
    Use: Scroll            |       |     7 |     9 |     8 |     7 |     4 |    10 |     4 |     8 ||    57
         Potion            |       |       |       |    13 |     2 |     2 |     1 |     3 |     7 ||    28
 Armour: Robe              |    15 |    32 |    56 |       |       |       |   135 |   193 |   130 ||   561
         Steam dragon scal |       |       |     7 |   294 |   387 |   337 |   104 |       |       ||  1129
         Leather armour    |       |       |       |     6 |       |       |       |       |       ||     6
  Dodge: Dodged            |    14 |    14 |    51 |   151 |   205 |   111 |    71 |    70 |    35 ||   722
  Block: Buckler           |       |       |       |       |    37 |    87 |    70 |    60 |    19 ||   273
         Kite shield       |       |       |       |       |       |       |       |     4 |       ||     4
         Reflection        |       |       |       |       |       |       |       |     3 |       ||     3

Table legend: (Time is in decaauts)
 A = Elapsed time spent in this place.
 B = Non-inter-level travel time spent in this place.
 C = Inter-level travel time spent in this place.
 D = Time resting spent in this place.
 E = Time spent auto-exploring this place.
 F = Levels seen in this place.
 G = Mean time per level.
                   A        B        C        D        E       F      G
               +--------+--------+--------+--------+--------+-----+--------+
         Total |  61197 |  55858 |   5339 |  10247 |  21972 |  50 | 1223.9 |
       Dungeon |  19702 |  17750 |   1952 |   2528 |   9896 |  15 | 1313.5 |
        Temple |     30 |     15 |     15 |      0 |      0 |   1 |   30.0 |
          Lair |   7912 |   7253 |    659 |    710 |   4802 |   5 | 1582.4 |
         Swamp |   3715 |   3605 |    110 |    693 |   1692 |   4 |  928.8 |
   Spider Nest |   4362 |   4017 |    345 |    861 |   1585 |   4 | 1090.5 |
  Orcish Mines |   2653 |   2308 |    345 |    676 |    729 |   2 | 1326.5 |
   Elven Halls |   4587 |   4207 |    380 |    941 |    392 |   3 | 1529.0 |
        Vaults |   9143 |   7801 |   1342 |   1190 |    685 |   5 | 1828.6 |
        Depths |   5768 |   5580 |    188 |   1512 |   2190 |   4 | 1442.0 |
           Zot |   3198 |   3198 |      0 |   1136 |      0 |   5 |  639.6 |
         Trove |     79 |     79 |      0 |      0 |      0 |   1 |   79.0 |
       Volcano |     43 |     43 |      0 |      0 |      0 |   1 |   43.0 |
               +--------+--------+--------+--------+--------+-----+--------+

Top non-repeatable levels by time:
Vaults:3: 2375 daAuts
Depths:3: 2357 daAuts
    D:10: 1978 daAuts
  Lair:3: 1853 daAuts
    D:15: 1842 daAuts
   Orc:2: 1812 daAuts
Vaults:1: 1754 daAuts
   Elf:3: 1747 daAuts
Vaults:2: 1743 daAuts
  Lair:1: 1698 daAuts
     D:4: 1685 daAuts
Vaults:4: 1646 daAuts
    D:14: 1644 daAuts
  Lair:4: 1627 daAuts
Vaults:5: 1622 daAuts
